 Dungeon Crawl Stone Soup version 0.30-a0-618-gd6c86c23d0 (webtiles) character file.

Game seed: 10377716828934669946

142 omnomnOMINOUS the Gusty (level 5, -5/34 HPs)
             Began as an Octopode Wanderer on Jan 9, 2023.
             Slain by a water moccasin (7 damage)
             ... in a sewer.
             The game lasted 00:04:07 (1652 turns).

omnomnOMINOUS the Gusty (Octopode Wanderer)         Turns: 1652, Time: 00:04:08

Health: -5/34      AC:  1    Str:  8 (10) XL:     5   Next: 24%
Magic:  9/9        EV: 13    Int: 16 (18) God:
Gold:   100        SH:  5    Dex: 10 (11) Spells: 9/9 levels left

rFire   . . .      SeeInvis .    a - +1 dagger (protect)
rCold   . . .      Faith    .    (no shield)
rNeg    . . .      Spirit   .    (helmet restricted)
rPois   .          Reflect  +    i - amulet of reflection
rElec   .          Harm     .    (no ring)
rCorr   .          Rampage  .    (no ring)
Will    .....                    (no ring)
Stlth   +++                      (no ring)
HPRegen 0.25/turn                (no ring)
MPRegen 0.11/turn                (no ring)
                                 (no ring)
                                 (no ring)

@: lethally poisoned (-5 -> -9)
A: almost no armour, amphibious, 8 rings, camouflage 1, gelatinous body 1,
(nimble swimmer 1), tentacles
a: no special abilities


You were in a sewer.
You visited 1 branch of the dungeon, and saw 3 of its levels.
You also visited: Sewer.

You collected 100 gold pieces.

Inventory:

Hand Weapons
 a - a +1 dagger of protection (weapon)
Jewellery
 i - an amulet of reflection (around mantle)
Wands
 c - a wand of flame (25) (quivered)
Scrolls
 b - 3 scrolls of blinking
 d - 2 scrolls of identify
 l - a scroll of amnesia {unknown}
Potions
 e - 2 potions of mutation


   Skills:
 + Level 2.1 Fighting
 + Level 2.1 Dodging
 + Level 3.7 Stealth
 + Level 2.9 Spellcasting
 - Level 1.0 Summonings
 - Level 4.0 Air Magic
 - Level 2.1 Evocations


You had 9 spell levels left.
You didn't know any spells.
Your spell library contained the following spells:

 Spells                   Type           Power      Damage    Failure   Level
 Shock                    Conj/Air       32%        1d5       9%          1
 Summon Small Mammal      Summ           20%        N/A       13%         1
 Vhi's Electric Charge    Tloc/Air       16%        N/A       26%         3
 Mephitic Cloud           Conj/Pois/Air  6%         N/A       32%         3
 Call Canine Familiar     Summ           5%         N/A       36%         3


Dungeon Overview and Level Annotations

Branches:
Dungeon (3/15)              Sewer (1/1)

Altars:
Uskayaw


Innate Abilities, Weirdness & Mutations

You cannot wear most types of armour.
You are amphibious.
You can wear up to eight rings at the same time.
Your skin changes colour to match your surroundings (Stealth+).
Your rubbery body absorbs attacks. (AC +1, EV +1)
((You are camouflaged when in or above water. (Stealth+)))
You have tentacles for arms and can constrict up to eight enemies at once.


Message History

The water moccasin poisons you!
It was a potion of degeneration.
There was something very wrong with that liquid.
You feel weakened.
You feel dopey.
You feel clumsy.
You feel sick. The water moccasin barely misses you.
It was a potion of curing.
You feel better. The water moccasin bites you.
You closely miss the water moccasin. Your grab misses the water moccasin.
Your squeeze misses the water moccasin.
The water moccasin is lightly wounded.
The water moccasin bites you.
You barely miss the water moccasin. Your grab misses the water moccasin.
The water moccasin is lightly wounded.
The water moccasin bites you.
It was a potion of cancellation.
Your magical effects are unravelling.
You feel magically purged.
You feel yourself slow down. You block the water moccasin's attack.
You closely miss the water moccasin. Your grab misses the water moccasin.
The water moccasin is lightly wounded.
The water moccasin barely misses you.
You closely miss the water moccasin. Your grab misses the water moccasin.
The water moccasin is lightly wounded.
The water moccasin bites you.
You are poisoned.
The water moccasin poisons you! The water moccasin bites you.
* * * LOW HITPOINT WARNING * * *
Okay, then.
Unknown command.
As you read the scroll labelled KIUVUE PIUPH, it crumbles to dust.
The scroll dissolves into smoke.
It was a scroll of fog.
* * * LOW HITPOINT WARNING * * *
You feel sick. The water moccasin barely misses you.
As you read the scroll labelled DIWURAM GINAUTEU, it crumbles to dust.
It is a scroll of brand weapon.
Your +1 dagger of draining projects an invisible shield of force!
a - a +1 dagger of protection (weapon)
* * * LOW HITPOINT WARNING * * *
You feel sick. The water moccasin bites you!
You die...

###### ##
##......## #?$
###..~ ~....###
!.##.... #...~.###
###.~..~ #~..~.#
#.~§§..## ##.~~..
#§S§§§###
###~..~.#
#@§§~~####..~..###
###§...~.~~..###
###.~....###
########


You could see a water moccasin (drained).

Vanquished Creatures
  Ijyb (D:3)
  3 adders (D:2)
  A river rat (D:3)
  2 worms
  4 dart slugs
  8 ball pythons
  4 endoplasms
  4 giant cockroaches
  8 goblins
  3 hobgoblins (D:2)
  2 jackals (Sewer)
  5 kobolds
  2 quokkas (D:3)
  7 bats
  5 frilled lizards
  8 rats
67 creatures vanquished.

Notes
Turn   | Place    | Note
-------+----------+-------------------------------------------
     0 | D:1      | omnomnOMINOUS the Octopode Wanderer began the quest for the
                  | Orb.
     0 | D:1      | omnomnOMINOUS set off with the following items: a +0
                  | dagger, a scroll of blinking, a wand of flame (5); and the
                  | following spells available to memorise: Shock, Summon Small
                  | Mammal, Vhi's Electric Charge, Mephitic Cloud, Call Canine
                  | Familiar.
     0 | D:1      | Reached XP level 1. HP: 11/11 MP: 3/3
   132 | D:1      | Reached XP level 2. HP: 17/18 MP: 5/5
   316 | D:1      | Reached skill level 1 in Fighting
   318 | D:1      | Reached skill level 1 in Dodging
   320 | D:1      | Reached XP level 3. HP: 19/23 MP: 6/6
   699 | D:2      | Reached XP level 4. HP: 18/28 MP: 7/7
  1127 | D:3      | Noticed Ijyb
  1139 | D:3      | Killed Ijyb
  1203 | D:3      | Reached XP level 5. HP: 31/32 MP: 9/9
  1372 | D:3      | Found a hide-covered altar of Uskayaw.
  1555 | D:3      | Found a glowing drain.
  1559 | Sewer    | Entered a sewer
  1635 | Sewer    | Noticed a water moccasin
  1652 | Sewer    | Slain by a water moccasin

Illustrated notes

Levels and vault maps discovered:
D:1:      minmay_arrival_stone_box, layout_basic
D:2:      layout_basic, due_unseen_surprise
D:3:      layout_basic, lemuel_doored_altar, gup_sewer_entry_spiral,
          st_stairs_6, minmay_statues_item, uniq_ijyb
Sewer:    sewer_the_moccasin

Skill      XL: |  1  2  3  4 |
---------------+-------------+-----
Stealth        | 2 3 |  3.7
Fighting       | 1 2 |  2.1
Dodging        | 1 2 |  2.1
Spellcasting   | |  2.9
Summonings     | |  1.0
Air Magic      | |  4.0
Evocations     | |  2.1

Action                   |  1- 3 |  4- 6 || total
-------------------------+-------+-------++-------
Melee: Dagger            |    69 |    80 ||   149
       Tentacles         |    18 |    15 ||    33
       Constrict         |    18 |    14 ||    32
       Punch             |     1 |     1 ||     2
  Use: Potion            |       |     4 ||     4
       Scroll            |       |     3 ||     3
 Stab: Sleeping          |     8 |    12 ||    20
Armor: Skin              |     6 |     4 ||    10
Dodge: Dodged            |    38 |    50 ||    88
Block: Other             |       |     8 ||     8

Table legend: (Time is in decaauts)
 A = Elapsed time spent in this place.
 B = Non-inter-level travel time spent in this place.
 C = Inter-level travel time spent in this place.
 D = Time resting spent in this place.
 E = Time spent auto-exploring this place.
 F = Levels seen in this place.
 G = Mean time per level.
                   A        B        C        D        E       F      G
               +--------+--------+--------+--------+--------+-----+--------+
         Total |   1649 |   1630 |     19 |     69 |    951 |   4 |  412.2 |
       Dungeon |   1559 |   1540 |     19 |     69 |    892 |   3 |  519.7 |
         Sewer |     90 |     90 |      0 |      0 |     59 |   1 |   90.0 |
               +--------+--------+--------+--------+--------+-----+--------+

Top non-repeatable levels by time:
     D:3: 539 daAuts
     D:2: 510 daAuts
     D:1: 509 daAuts
   Sewer: 90 daAuts
